 Dungeon Crawl Stone Soup version 0.30-a0-359-gd0147acb1a (webtiles) character file.

Game seed: 8748765322127310954

4 lukessrichardson1 the Chopper (level 1, -1/18 HPs)
             Began as a Human Berserker on Nov 12, 2022.
             Was a Follower of Trog.
             Slain by an endoplasm (2 damage)
             ... on level 1 of the Dungeon.
             The game lasted 00:00:44 (56 turns).

lukessrichardson1 the Chopper (Human Berserker)       Turns: 56, Time: 00:00:44

Health: -1/18      AC:  2    Str: 17    XL:     1   Next: 66%
Magic:  1/1        EV: 12    Int:  7    God:    Trog [*.....]
Gold:   0          SH:  0    Dex: 12    Spells: 0/0 levels left

rFire   . . .      SeeInvis .    a - +0 hand axe
rCold   . . .      Faith    .    (no shield)
rNeg    . . .      Spirit   .    b - +0 animal skin
rPois   .          Reflect  .    (no helmet)
rElec   .          Harm     .    (no cloak)
rCorr   .          Rampage  .    (no gloves)
Will    .....                    (no boots)
Stlth   +.........               (no amulet)
HPRegen 0.23/turn                (no ring)
MPRegen 0.07/turn                (no ring)

@: no status effects
A: no striking features
a: Renounce Religion, Berserk


You were on level 1 of the Dungeon.
You worshipped Trog.
Trog was aware of your devotion.
You visited 1 branch of the dungeon, and saw 1 of its levels.

Inventory:

Hand Weapons
 a - a +0 hand axe (weapon)
Armour
 b - a +0 animal skin (worn)
Scrolls
 c - a scroll of butterflies {unknown}


   Skills:
 + Level 3.1 Fighting
 + Level 3.1 Axes
 + Level 2.0 Armour
 + Level 2.0 Dodging


You couldn't memorise any spells.
You didn't know any spells.
Your spell library was empty.

Dungeon Overview and Level Annotations

Branches:
Dungeon (1/15)

Altars:


Message History

a +0 dagger; a +0 dagger; a hobgoblin corpse The endoplasm quivers.
The jackal barks!
You hit the bat but do no damage.
You hear a bark!
The bat hits you but does no damage.
A jackal comes into view.
The jackal barks!
The bat hits you but does no damage. The bat hits you.
You barely miss the bat. The bat misses you.
A jackal comes into view.
Found 3 stones.
The bat hits you but does no damage. x2
A giant cockroach comes into view.
You barely miss the jackal. You hit the endoplasm but do no damage.
You hit the jackal but do no damage. The bat closely misses you.
The jackal closely misses you. The bat misses you. The jackal misses you.
The endoplasm hits you but does no damage.
The jackal closely misses you.
The jackal bites you but does no damage.
The endoplasm barely misses you.
You barely miss the jackal. You closely miss the jackal. You hit the endoplasm.
The bat misses you. The jackal closely misses you. The endoplasm freezes you.
You are frozen.
You barely miss the jackal. You closely miss the jackal. You hit the endoplasm.
The bat hits you but does no damage. The jackal barely misses you.
The jackal bites you but does no damage.
The jackal bites you.
* * * LOW HITPOINT WARNING * * *
The endoplasm barely misses you.
You hit the jackal.
The jackal is almost dead.
You hit the jackal. You hit the endoplasm but do no damage. The bat misses you.
The jackal misses you. The jackal barely misses you.
The endoplasm barely misses you. The jackal barely misses you.
The jackal attacks as you move away! The jackal barely misses you.
The jackal bites you.
* * * LOW HITPOINT WARNING * * *
The jackal closely misses you. The endoplasm hits you.
You die...

.# .. .#
###### .#
#.....### .#
#....... .#
#....h.#####.#
#....h.h)....#
#...bJ@####.##
#....Bh# #.#
#......# #.###
(......##
#...###
.......
##.#...#
.......
##...##.#
.......
#.....##.#
.......
#......##.#
#.#.....##( #


You could see an endoplasm, 4 jackals, a giant cockroach and a bat.

Vanquished Creatures
  A goblin (D:1)
  A hobgoblin (D:1)
  A kobold (D:1)
3 creatures vanquished.

Notes
Turn   | Place    | Note
-------+----------+-------------------------------------------
     0 | D:1      | lukessrichardson1 the Human Berserker began the quest for
                  | the Orb.
     0 | D:1      | Reached XP level 1. HP: 18/18 MP: 1/1
    56 | D:1      | Slain by an endoplasm

Illustrated notes

Levels and vault maps discovered:
D:1:      psy_arrival_spokes, layout_basic, nicolae_eternal_life

Action                   || total
-------------------------++-------
Melee: Hand axe          ||    22
Armor: Animal skin       ||    10
Dodge: Dodged            ||    29

Table legend: (Time is in decaauts)
 A = Elapsed time spent in this place.
 B = Non-inter-level travel time spent in this place.
 C = Inter-level travel time spent in this place.
 D = Time resting spent in this place.
 E = Time spent auto-exploring this place.
 F = Levels seen in this place.
 G = Mean time per level.
                   A        B        C        D        E       F      G
               +--------+--------+--------+--------+--------+-----+--------+
         Total |     59 |     59 |      0 |      0 |      0 |   1 |   59.0 |
       Dungeon |     59 |     59 |      0 |      0 |      0 |   1 |   59.0 |
               +--------+--------+--------+--------+--------+-----+--------+

Top non-repeatable levels by time:
     D:1: 59 daAuts
